 Dungeon Sprint DCSS version 0.24.0-37-gcf1ca852f1 (webtiles) character file.

Game seed: 18222947767939634235, levelgen mode: deterministic

14100000 Groucho the Axe Maniac (level 27, -50/295 (298) HPs)
             Began as a Deep Dwarf Assassin on Nov 25, 2019.
             Was the Champion of Makhleb.
             Annihilated by a fleshlord
             ... wielding a +9 great mace
              (95 damage)
             ... in the Dungeon (Sprint VIII: "Arena of Blood").
             The game lasted 00:08:26 (141 turns).

Groucho the Axe Maniac (Deep Dwarf Assassin)         Turns: 141, Time: 00:08:27

HP:   -50/295 (298) AC:  6    Str: 18    XL:     27
MP:   46/54         EV: 36    Int: 13    God:    Makhleb [******]
Gold: 0             SH:  0    Dex: 23    Spells: 80/80 levels left

rFire    . . .     SeeInvis .   m - +∞ Axe of Woe
rCold    . . .     Gourm    .   (shield currently unavailable)
rNeg     + . .     Faith    .   b - +0 robe
rPois    .         Spirit   .   (no helmet)
rElec    .         Reflect  .   c - +0 cloak
rCorr    .         Harm     .   (no gloves)
MR       ++++.     NoTele   +   (no boots)
Stlth    +++++++++.             (no amulet)
HPRegen  0.00/turn              (no ring)
MPRegen  0.34/turn              (no ring)

@: lethally poisoned (-50 -> -50), non-regenerating, slowed, very slow
A: damage resistance, heal wounds, negative energy resistance 1, sense
surroundings 3, no regeneration
a: Heal Wounds, Minor Destruction, Lesser Servant of Makhleb, Major Destruction,
Greater Servant of Makhleb, Renounce Religion


You were in the Dungeon.
You worshipped Makhleb.
Makhleb was exalted by your worship.
You were not hungry.

You visited 1 branch

Inventory:

Hand Weapons
 a - a +2 dagger
 m - the +∞ Axe of Woe (weapon)
   (You found it in the Dungeon)
 n - a +9 great sword of slicing
 p - a +9 glaive of flaming
Missiles
 d - 8 poisoned darts (quivered)
 e - 2 curare-tipped darts
Armour
 b - a +0 robe (worn)
 c - a +0 cloak (worn)
Jewellery
 o - a +200 ring of slaying
 q - a +130 ring of slaying
 r - a +200 ring of slaying
 s - a +200 ring of slaying
 t - a +250 ring of slaying
 u - a +200 ring of slaying
 v - a +250 ring of slaying
 w - a +200 ring of slaying
Scrolls
 l - a scroll of blinking
Potions
 g - a potion of curing
 h - a potion of heal wounds
 i - a potion of haste
 j - 2 potions of magic
 k - a potion of berserk rage
Comestibles
 f - a ration


   Skills:
 O Level 27 Fighting
 O Level 27 Short Blades
 O Level 27 Long Blades
 O Level 27 Axes
 O Level 27 Polearms
 O Level 27 Throwing
 O Level 27 Armour
 O Level 27 Dodging
 O Level 27 Stealth
 O Level 27 Unarmed Combat
 O Level 27 Spellcasting
 O Level 27 Invocations


You had 80 spell levels left.
You didn't know any spells.
Your spell library was empty.

Dungeon Overview and Level Annotations

Branches:
Dungeon (1/1)

Altars:
Makhleb


Innate Abilities, Weirdness & Mutations

You are resistant to damage.
You can heal yourself by infusing magical energy.
You resist negative energy. (rN+)
You passively map a large area around you.
You do not regenerate.


Message History

* * * LOW HITPOINT WARNING * * *
The fleshlord convulses!
The large bag of meat convulses!
The eight-headed meat hydra convulses!
The bag of meat convulses! x3
The bag of meat moves out of view.
A hell knight and 3 crawling corpses come into view.
There is a staircase leading out of the dungeon, spattered with blood here.
Items here: % )))))))))) ========= The bag of meat shouts!
You slice the crawling corpse!!
You hew the crawling corpse savagely.
You destroy the crawling corpse!
You slash the crawling corpse!
You dissect the crawling corpse like a pig carcass.
You destroy the crawling corpse!
You feel sick.
You hear two shouts!
You hear an angry hiss.
The destroyer blinks!
You hear a shout! x3
A bag of meat comes into view. It is wielding a +9 war axe.
The fleshlord hits you with a +9 great mace!!!!
You die... ,, , , .%.. , , , , ,,ooW

...oo, * , #...
..p#, , ,,, , , ,.
#... .oD# V, ,, ,
..###O..,..%###po
, , ,
..%.W.###oo.....,
, * ,,,,
.ooO○o_°Do..... ,
, , #)))))#, , ,
*, ,,,, #°°@p_# ,,
*, ,* ,, #)))p)#
,*, , ,
,,#...oz.)._x.....
, ,,
.....%.p###......
, ,,...###Vp.
..%###.. ,
..,,,#.§D ...# . ,
, , ,, ,
#.p....%#, , ,, ,
, ,*, ,.........,
, , , , , * ,
.......,,, ,* ,


You could see 2 eight-headed meat hydras, a destroyer, 6 fleshlords, a sculptor
of flesh, a large bag of meat (inner flame), a dread, a meat berserker
(berserk), 12 bags of meat and a crawling corpse.

Vanquished Creatures
  4 hell knights (D)
  15 hell beasts (D)
  4 greater mummies (D)
  7 great orbs of eyes (D)
  3 wraiths (D)
  Harold (D)
  20 vampire knights (D)
  38 ogres (D)
  6 two-headed ogres (D)
  9 liches (D)
  54 orcs (D)
  6 phantoms (D)
  11 skeletal warriors (D)
  5 sea snakes (D)
  3 large abominations (D)
  9 small abominations (D)
  24 crawling corpses (D)
219 creatures vanquished.

Vanquished Creatures (others)
  2 ogres (D)
  A hydra (D)
  7 crawling corpses (D)
10 creatures vanquished.

Grand Total: 229 creatures vanquished

Notes
Turn   | Place    | Note
-------+----------+-------------------------------------------
     0 | D        | Found the +∞ Axe of Woe
     0 | D        | Groucho the Deep Dwarf Assassin began the quest for the
                  | Orb.
     0 | D        | Reached XP level 1. HP: 19/19 MP: 1/1
     1 | D        | Noticed a bag of meat
     1 | D        | Noticed a bag of meat
     3 | D        | Became a worshipper of Makhleb the Destroyer
     3 | D        | Noticed a bag of meat
     3 | D        | Noticed a bag of meat
     6 | D        | Noticed a bag of meat
     9 | D        | Killed a bag of meat
     9 | D        | Reached XP level 2. HP: 26/26 MP: 2/2
     9 | D        | Reached XP level 3. HP: 32/32 MP: 3/3
     9 | D        | Reached XP level 4. HP: 39/39 MP: 4/4
     9 | D        | Reached XP level 5. HP: 45/45 MP: 5/5
     9 | D        | Reached XP level 6. HP: 52/52 MP: 6/6
     9 | D        | Reached XP level 7. HP: 58/58 MP: 7/7
     9 | D        | Reached XP level 8. HP: 66/66 MP: 8/8
     9 | D        | Gained mutation: You passively map the area around you.
                  | [Deep Dwarf growth]
     9 | D        | Reached XP level 9. HP: 73/73 MP: 9/9
     9 | D        | Reached XP level 10. HP: 80/80 MP: 10/10
     9 | D        | Reached XP level 11. HP: 86/86 MP: 11/11
     9 | D        | Noticed a bag of meat
    10 | D        | Killed a bag of meat
    10 | D        | Reached * piety under Makhleb
    10 | D        | Reached XP level 12. HP: 93/93 MP: 12/12
    10 | D        | Killed a bag of meat
    10 | D        | Reached XP level 13. HP: 99/99 MP: 13/13
    11 | D        | Noticed a bag of meat
    11 | D        | Noticed a bag of meat
    12 | D        | Killed a bag of meat
    12 | D        | Reached skill level 27 in Axes
    12 | D        | Reached skill level 27 in Dodging
    12 | D        | Gained mutation: You resist negative energy. (rN+) [Deep
                  | Dwarf growth]
    12 | D        | Reached XP level 14. HP: 106/106 MP: 14/14
    12 | D        | Killed a bag of meat
    12 | D        | Reached ** piety under Makhleb
    13 | D        | Killed a bag of meat
    13 | D        | Reached XP level 15. HP: 112/112 MP: 14/31
    19 | D        | Noticed a meat berserker
    19 | D        | Reached skill level 27 in Invocations
    19 | D        | Reached *** piety under Makhleb
    19 | D        | Reached skill level 15 in Fighting
    21 | D        | Reached XP level 16. HP: 176/176 MP: 15/33
    21 | D        | Noticed a meat berserker
    24 | D        | Noticed a destroyer
    25 | D        | Killed a meat berserker
    25 | D        | Reached **** piety under Makhleb
    25 | D        | Reached skill level 27 in Fighting
    25 | D        | Reached skill level 5 in Unarmed Combat
    25 | D        | Reached skill level 5 in Spellcasting
    25 | D        | Reached XP level 17. HP: 208/208 MP: 16/34
    25 | D        | Reached skill level 10 in Armour
    26 | D        | Killed a destroyer
    26 | D        | Gained mutation: You passively map a large area around you.
                  | [Deep Dwarf growth]
    26 | D        | Reached XP level 18. HP: 218/218 MP: 16/35
    27 | D        | Reached ***** piety under Makhleb
    28 | D        | Killed a meat berserker
    29 | D        | Noticed a meat berserker
    29 | D        | Noticed a meat berserker
    29 | D        | Noticed a destroyer
    30 | D        | Reached skill level 15 in Spellcasting
    30 | D        | Reached XP level 19. HP: 226/226 MP: 17/38
    31 | D        | Noticed The Servant
    31 | D        | Noticed a meat berserker
    33 | D        | Killed a meat berserker
    33 | D        | Noticed a destroyer
    35 | D        | Killed a meat berserker
    35 | D        | Reached XP level 20. HP: 236/236 MP: 18/43
    37 | D        | Killed a meat berserker
    37 | D        | Killed The Servant
    37 | D        | Reached XP level 21. HP: 244/244 MP: 19/46
    39 | D        | Reached ****** piety under Makhleb
    40 | D        | Reached skill level 27 in Armour
    40 | D        | Killed a destroyer
    41 | D        | Noticed a destroyer
    42 | D        | Killed a destroyer
    42 | D        | Reached skill level 27 in Short Blades
    42 | D        | Reached skill level 27 in Throwing
    42 | D        | Reached skill level 27 in Unarmed Combat
    42 | D        | Reached skill level 27 in Spellcasting
    42 | D        | Reached XP level 22. HP: 254/254 MP: 20/53
    43 | D        | Noticed a destroyer
    44 | D        | Killed a destroyer
    44 | D        | Reached skill level 27 in Stealth
    46 | D        | Reached XP level 23. HP: 262/262 MP: 21/54
    47 | D        | Reached skill level 27 in Long Blades
    48 | D        | Noticed a tyrant
    48 | D        | Noticed a destroyer
    48 | D        | Noticed an accursed
    50 | D        | Killed a destroyer
    51 | D        | Noticed a destroyer
    51 | D        | Noticed a tyrant
    54 | D        | Reached XP level 24. HP: 272/272 MP: 23/54
    57 | D        | Killed a tyrant
    57 | D        | Noticed a destroyer
    58 | D        | Killed a tyrant
    59 | D        | Reached XP level 25. HP: 280/280 MP: 24/54
    60 | D        | Killed a destroyer
    62 | D        | Killed a destroyer
    62 | D        | Reached XP level 26. HP: 235/290 MP: 25/54
    63 | D        | Noticed a meat beast
    64 | D        | Noticed a meat beast
    65 | D        | Killed a meat beast
    65 | D        | Reached XP level 27. HP: 265/298 MP: 26/54
    66 | D        | Noticed an accursed
    67 | D        | Killed a meat beast
    67 | D        | Killed a destroyer
    70 | D        | Noticed a meat beast
    75 | D        | Noticed a meat beast
    76 | D        | Reached skill level 27 in Polearms
    76 | D        | Noticed a large bag of meat
    77 | D        | Noticed a meat beast
    77 | D        | Noticed a large bag of meat
    77 | D        | Noticed a meat beast
    80 | D        | Killed a meat beast
    80 | D        | Killed a meat beast
    82 | D        | Killed a meat beast
    83 | D        | Killed an accursed
    83 | D        | Noticed a tyrant
    84 | D        | Killed a meat beast
    87 | D        | Noticed a meat beast
    89 | D        | Noticed a meat beast
    90 | D        | Killed a large bag of meat
    90 | D        | Noticed a meat beast
    91 | D        | Noticed a large bag of meat
    92 | D        | Killed an accursed
    93 | D        | Killed a tyrant
    94 | D        | Killed a meat beast
    96 | D        | Killed a meat beast
    96 | D        | Killed a large bag of meat
    96 | D        | Noticed a destroyer
    97 | D        | Killed a large bag of meat
    98 | D        | Noticed a tyrant
    98 | D        | Noticed a meat beast
    98 | D        | Noticed a destroyer
    98 | D        | Noticed a tyrant
    98 | D        | Noticed a tyrant
    98 | D        | Noticed a meat beast
   100 | D        | Killed a tyrant
   100 | D        | Killed a meat beast
   100 | D        | Noticed a destroyer
   101 | D        | Killed a meat beast
   101 | D        | Noticed an accursed
   101 | D        | Noticed a destroyer
   101 | D        | Noticed a dread
   102 | D        | Killed a destroyer
   102 | D        | Noticed a destroyer
   103 | D        | Noticed a large bag of meat
   103 | D        | Noticed a destroyer
   106 | D        | Noticed a meat beast
   106 | D        | Killed a destroyer
   107 | D        | Noticed a meat beast
   107 | D        | Killed a dread
   108 | D        | Killed a destroyer
   108 | D        | Noticed a large bag of meat
   108 | D        | Noticed a tyrant
   109 | D        | Noticed a destroyer
   110 | D        | Killed a meat beast
   110 | D        | Noticed a destroyer
   111 | D        | Killed a tyrant
   111 | D        | Killed a meat beast
   112 | D        | Killed a meat beast
   112 | D        | Noticed an accursed
   113 | D        | Killed a destroyer
   114 | D        | Noticed a destroyer
   114 | D        | Noticed a destroyer
   115 | D        | Killed a destroyer
   115 | D        | Killed an accursed
   116 | D        | Killed a large bag of meat
   116 | D        | Noticed a large bag of meat
   117 | D        | Killed a tyrant
   117 | D        | Killed a destroyer
   117 | D        | Noticed a tyrant
   118 | D        | Killed a destroyer
   119 | D        | Noticed a destroyer
   119 | D        | Killed a destroyer
   119 | D        | Noticed a dread
   120 | D        | Noticed a meat beast
   120 | D        | Noticed a dread
   121 | D        | Noticed a destroyer
   121 | D        | Killed a destroyer
   121 | D        | Noticed a tyrant
   122 | D        | Killed a destroyer
   122 | D        | Noticed a large bag of meat
   122 | D        | Noticed a fleshlord
   122 | D        | Noticed a fleshlord
   124 | D        | Killed a large bag of meat
   125 | D        | Killed a destroyer
   125 | D        | Killed a meat beast
   125 | D        | Killed a large bag of meat
   126 | D        | Killed a tyrant
   126 | D        | Noticed a dread
   127 | D        | Killed a dread
   127 | D        | HP: 12/298 [something/bolt of negative energy (62)]
   128 | D        | Noticed a fleshlord
   128 | D        | Killed a destroyer
   129 | D        | Noticed a dread
   130 | D        | Killed a fleshlord
   130 | D        | Noticed a destroyer
   131 | D        | Noticed a fleshlord
   131 | D        | Noticed a fleshlord
   132 | D        | Killed an accursed
   132 | D        | Killed a tyrant
   132 | D        | HP: 5/295 [poisoned by a scourge (bolt of poison)]
   132 | D        | Noticed a meat beast
   132 | D        | Noticed a fleshlord
   133 | D        | Killed a fleshlord
   133 | D        | Noticed a fleshlord
   134 | D        | Killed a fleshlord
   134 | D        | Killed a tyrant
   134 | D        | Killed a dread
   137 | D        | Killed a meat beast
   138 | D        | Killed a fleshlord
   138 | D        | Noticed a fleshlord
   138 | D        | Noticed a destroyer
   140 | D        | Noticed a fleshlord
   141 | D        | Noticed a fleshlord
   141 | D        | Annihilated by a fleshlord

Levels and vault maps discovered:
D:        meatsprint

Skill      XL: |  1  2  3  4  5  6  7  8  9 10 11 12 13 14 15 16 17 18 19 20 21 22 23 24 25 26 27 |
---------------+----------------------------------------------------------------------------------+-----
Axes           | 21 24 25 27 | 27.0
Dodging        | 20 23 25 27 | 27.0
Invocations    | 24 27 | 27.0
Fighting       | 19 27 | 27.0
Short Blades   | 6 13 16 20 23 27 | 27.0
Throwing       | 6 13 16 20 23 27 | 27.0
Armour         | 6 14 19 23 26 27 | 27.0
Unarmed Combat | 5 12 16 20 23 27 | 27.0
Spellcasting   | 5 11 15 19 21 27 | 27.0
Stealth        | 18 27 | 27.0
Long Blades    | 22 27 | 27.0
Polearms       | 27 | 27.0

Action                   |  1- 3 |  4- 6 |  7- 9 | 10-12 | 13-15 | 16-18 | 19-21 | 22-24 | 25-27 || total
-------------------------+-------+-------+-------+-------+-------+-------+-------+-------+-------++-------
Melee: Executioner's axe |     1 |       |       |     1 |     4 |     7 |     7 |    13 |    67 ||   100
Invok: Greater Servant o |       |       |       |       |       |       |       |       |     1 ||     1
 Stab: Distracted        |       |       |       |       |       |       |       |       |     1 ||     1
Armor: Robe              |       |       |       |       |       |       |       |       |     2 ||     2
Dodge: Dodged            |       |       |       |     1 |       |       |       |     1 |    19 ||    21
